[Event "Titled Tuesday Blitz November 15 Early 2022"]
[White "Salinas Herrera, Pablo"]
[Black "Goltseva, Ekaterina"]
[WhiteFideId "3407128"]
[BlackFideId "24173770"]
[WhiteElo "2557"]
[BlackElo "2200"]
[Result "1-0"]
[Round "02"]
[TimeControl "180+1"]
[Date "2022.11.16"]
[WhiteClock "0:00:07"]
[BlackClock "0:00:02"]

1. d4 Nf6 2. Nf3 e6 3. Bf4 c5 4. e3 b6 5. Nbd2 cxd4 6. exd4 Bb7 7. Nc4 d6 8. Bd3 Be7 9. O-O Nh5 10. Be3 O-O 11. Re1 Nd7 12. c3 Nhf6 13. a4 a6 14. Bf4 Qc7 15. Ne3 Rfe8 16. h3 Bf8 17. Bh2 Rad8 18. Qe2 Qc8 19. Rad1 Qa8 20. Nd2 g6 21. Ndc4 e5 22. dxe5 dxe5 23. Bc2 Nd5 24. Nxd5 Bxd5 25. Ne3 Bc6 26. b4 a5 27. b5 Bb7 28. c4 Bb4 29. Rf1 Nf6 30. Rxd8 Qxd8 31. Rd1 Qa8 32. Bg3 Bc5 33. Bh4 Nh5 34. Nd5 Nf4 35. Qf3 Nxd5 36. cxd5 f5 37. Qb3 Bd6 38. Bb1 Rc8 39. Qb2 Qb8 40. Bg5 Qc7 41. Rc1 Qf7 42. Ba2 Rxc1+ 43. Qxc1 Bxd5 44. Qc8+ Kg7 45. Bxd5 Qxd5 46. Qd7+ Kg8 47. Qd8+ Kg7 48. Qf6+ Kg8 49. Qd8+ Kg7 50. g3 Qd1+ 51. Kg2 Qd5+ 52. Kh2 Qd4 53. Be3 Qd3 54. Qd7+ Kg8 55. Bxb6 e4 56. Qd8+ Kg7 57. Qd7+ Kg8 58. Qc8+ Kg7 59. Qc6 e3 60. Bxe3 Bb4 61. Qc7+ Kg8 62. Qc8+ Kf7 63. b6 1-0


[Site "https://www.chess.com"]

[Event "Titled Tuesday Blitz November 15 Early 2022"]
[White "Santos Ruiz, Miguel"]
[Black "Melian, Juan Sebastian"]
[WhiteFideId "22291482"]
[BlackFideId "3706575"]
[WhiteElo "2503"]
[BlackElo "2044"]
[Result "0-1"]
[Round "02"]
[TimeControl "180+1"]
[Date "2022.11.16"]
[WhiteClock "0:00:28"]
[BlackClock "0:00:27"]

1. e4 c5 2. Nf3 e6 3. d4 cxd4 4. Nxd4 a6 5. h3 Nf6 6. Bd3 Bc5 7. Nb3 Be7 8. e5 Nd5 9. a3 d6 10. c4 Nc7 11. exd6 Qxd6 12. Nc3 Nc6 13. c5 Qe5+ 14. Be3 Nd5 15. Nxd5 exd5 16. O-O O-O 17. Qd2 Be6 18. Rfe1 Qf6 19. Nd4 Bxc5 20. Nxe6 Bxe3 21. Qxe3 Rfe8 22. Qb6 Rxe6 23. Qxb7 Rb8 24. Qd7 Ne5 25. Bf1 Nxd7 0-1


[Site "https://www.chess.com"]

[Event "Titled Tuesday Blitz November 15 Early 2022"]
[White "Sarana, Alexey"]
[Black "Csonka, Balazs"]
[WhiteFideId "24133795"]
[BlackFideId "742910"]
[WhiteElo "2708"]
[BlackElo "2404"]
[Result "0-1"]
[Round "02"]
[TimeControl "180+1"]
[Date "2022.11.15"]
[WhiteClock "0:00:11"]
[BlackClock "0:00:03"]

1. c4 c6 2. Nf3 d5 3. d4 Nf6 4. Nc3 e6 5. e3 Nbd7 6. Bd3 dxc4 7. Bxc4 b5 8. Bd3 Bd6 9. Qc2 Bb7 10. O-O O-O 11. e4 e5 12. Bg5 Qc7 13. dxe5 Nxe5 14. Nxe5 Bxe5 15. f4 Bd4+ 16. Kh1 Bxc3 17. bxc3 Nd7 18. e5 h6 19. Be7 Rfe8 20. Bd6 Qb6 21. Rae1 c5 22. Bf5 Nf8 23. Qf2 Ne6 24. Qg3 c4 25. Bc2 Nc5 26. f5 Nd3 27. Re3 Rad8 28. f6 g6 29. Qh3 h5 30. Be7 Rd5 31. Rg3 Nf2+ 32. Rxf2 Qxf2 33. Bc5 Rxc5 34. Rxg6+ fxg6 35. f7+ Qxf7 36. Qe3 Rcxe5 0-1


[Site "https://www.chess.com"]

[Event "Titled Tuesday Blitz November 15 Early 2022"]
[White "Saravana, Krishnan P."]
[Black "Luxama, Jacques Muller"]
[WhiteFideId "5018382"]
[BlackFideId "11900113"]
[WhiteElo "2155"]
[BlackElo "1931"]
[Result "1-0"]
[Round "02"]
[TimeControl "180+1"]
[Date "2022.11.16"]
[WhiteClock "0:01:18"]
[BlackClock "0:00:21"]

1. e4 c5 2. Nf3 d6 3. c3 Nf6 4. h3 Nc6 5. Bd3 e5 6. Bc2 g6 7. O-O Bg7 8. d4 cxd4 9. cxd4 O-O 10. d5 Ne7 11. Nc3 a6 12. a4 Nh5 13. a5 h6 14. Be3 Nf4 15. Na4 Bd7 16. Nb6 Rb8 17. Ba4 Be8 18. Bxe8 Rxe8 19. Rc1 f5 20. Bxf4 exf4 21. exf5 Nxf5 22. Qa4 g5 23. b4 Nd4 24. Nxd4 Bxd4 25. Qc2 Qf6 26. Nd7 Qf7 27. Nxb8 Rxb8 28. Qc7 Rf8 29. Qxf7+ Rxf7 30. Rc8+ Kg7 31. Re1 Be5 32. Rec1 h5 33. R1c7 g4 34. Rxf7+ Kxf7 35. Rc7+ Kf6 36. Rxb7 Bd4 37. b5 axb5 38. a6 g3 39. a7 Bxf2+ 40. Kf1 Bxa7 41. Rxa7 Ke5 42. Rb7 Kxd5 43. Rxb5+ Ke4 44. Rxh5 d5 45. Rh8 d4 46. Re8+ Kd3 47. h4 Kd2 48. h5 d3 49. h6 Kc2 50. Rc8+ Kb3 51. Rd8 Kc2 52. h7 1-0


[Site "https://www.chess.com"]

[Event "Titled Tuesday Blitz November 15 Early 2022"]
[White "Sargsyan, Anna M."]
[Black "Bluebaum, Matthias"]
[WhiteFideId "13308130"]
[BlackFideId "24651516"]
[WhiteElo "2284"]
[BlackElo "2633"]
[Result "0-1"]
[Round "02"]
[TimeControl "180+1"]
[Date "2022.11.15"]
[WhiteClock "0:01:14"]
[BlackClock "0:02:07"]

1. e4 e6 2. d4 d5 3. Nc3 Nf6 4. e5 Nfd7 5. f4 c5 6. Nf3 Nc6 7. Be3 a6 8. Qd2 b5 9. Nd1 b4 10. c3 Be7 11. Bd3 a5 12. O-O O-O 13. f5 exf5 14. Bxf5 bxc3 15. bxc3 cxd4 16. cxd4 Nb6 17. Bxh7+ Kxh7 18. Qc2+ Kg8 19. Qxc6 Ba6 20. Rb1 Bxf1 21. Rxb6 Rc8 22. Qb7 Be2 23. Nf2 Rb8 24. Qxb8 Qxb8 25. Rxb8 Rxb8 26. e6 Rb1+ 0-1


[Site "https://www.chess.com"]

[Event "Titled Tuesday Blitz November 15 Early 2022"]
[White "Sariego Figueredo, Wilfredo"]
[Black "Makhmudov, Shukhrat"]
[WhiteFideId "3500080"]
[BlackFideId "14200775"]
[WhiteElo "2309"]
[BlackElo "2135"]
[Result "0-1"]
[Round "02"]
[TimeControl "180+1"]
[Date "2022.11.16"]
[WhiteClock "0:00:02"]
[BlackClock "0:00:34"]

1. d4 Nf6 2. Bf4 d5 3. e3 c5 4. c3 Nc6 5. Bd3 Qb6 6. b3 cxd4 7. cxd4 Nb4 8. Nf3 Nxd3+ 9. Qxd3 Qa5+ 10. Nbd2 g6 11. O-O Bf5 12. Qe2 Bg7 13. h3 O-O 14. Rfc1 Rac8 15. a4 a6 16. Qd1 h6 17. Rxc8 Rxc8 18. Rc1 Rc3 19. Rxc3 Qxc3 20. Ne5 Nd7 21. Nxd7 Bxd7 22. Nf3 Bf5 23. Nd2 Bf8 24. g4 Bd3 25. Nb1 Qc2 26. Qxc2 Bxc2 27. Nd2 e6 28. Kf1 g5 29. Bc7 Bb4 30. Ke1 f5 31. Ke2 Kg7 32. a5 Kg6 33. f3 h5 34. Bb6 Bc3 0-1


[Site "https://www.chess.com"]

[Event "Titled Tuesday Blitz November 15 Early 2022"]
[White "Sarkar, Justin"]
[Black "Calcada, Lucas Galvan"]
[WhiteFideId "2010011"]
[BlackFideId "22746099"]
[WhiteElo "2239"]
[BlackElo "1523"]
[Result "1-0"]
[Round "02"]
[TimeControl "180+1"]
[Date "2022.11.16"]
[WhiteClock "0:00:28"]
[BlackClock "0:00:23"]

1. e4 c5 2. Nf3 d6 3. d4 cxd4 4. Nxd4 Nf6 5. Nc3 a6 6. Bc4 e6 7. O-O Qc7 8. Bb3 Be7 9. f4 O-O 10. f5 e5 11. Nde2 b5 12. Bg5 Nbd7 13. Bxf6 Nxf6 14. Nd5 Nxd5 15. Bxd5 Bb7 16. Nc3 Rfe8 17. Bxb7 Qxb7 18. Nd5 Bf8 19. c3 Rac8 20. Rf3 Rc4 21. Qe2 Kh8 22. Rh3 h6 23. f6 g6 24. Rf1 Kh7 25. Rff3 a5 26. Qe3 Ra8 27. Rxh6+ Bxh6 28. Rh3 Qa7 29. Rxh6+ Kg8 30. Ne7+ 1-0


[Site "https://www.chess.com"]

[Event "Titled Tuesday Blitz November 15 Early 2022"]
[White "Saya, Ethan"]
[Black "Kaidanov, Gregory"]
[WhiteFideId "26095181"]
[BlackFideId "2008564"]
[WhiteElo "2162"]
[BlackElo "2632"]
[Result "0-1"]
[Round "02"]
[TimeControl "180+1"]
[Date "2022.11.16"]
[WhiteClock "0:00:05"]
[BlackClock "0:02:00"]

1. e4 e5 2. Nf3 Nc6 3. Bb5 a6 4. Ba4 Nf6 5. O-O b5 6. Bb3 Bb7 7. Re1 Bc5 8. c3 d6 9. d4 Bb6 10. Bg5 h6 11. Bh4 O-O 12. dxe5 Nxe5 13. Nxe5 dxe5 14. Qxd8 Raxd8 15. Bxf6 gxf6 16. a4 Kg7 17. axb5 axb5 18. Na3 Rd2 19. Rf1 Rxb2 20. Rab1 Rxb1 21. Rxb1 Bxe4 22. Bc2 Bxc2 23. Nxc2 Rd8 24. Kf1 Rd2 25. Ne3 Bxe3 26. fxe3 c6 27. Rb4 Rc2 28. Rg4+ Kf8 29. Rh4 Rxc3 30. Rxh6 Kg7 31. Rh4 Rxe3 32. Rg4+ Kh6 33. Rg8 b4 34. Rb8 b3 35. Rb6 Rc3 36. h3 Kg6 37. Kg1 c5 38. Kh2 c4 39. g4 Rc2+ 40. Kg3 b2 41. h4 Rc3+ 0-1


[Site "https://www.chess.com"]

[Event "Titled Tuesday Blitz November 15 Early 2022"]
[White "Seifert, Henryk"]
[Black "Thorhallsson, Simon"]
[WhiteFideId "1100963"]
[BlackFideId "2310090"]
[WhiteElo "2120"]
[BlackElo "2109"]
[Result "0-1"]
[Round "02"]
[TimeControl "180+1"]
[Date "2022.11.16"]
[WhiteClock "0:00:02"]
[BlackClock "0:00:09"]

1. e4 c5 2. Nf3 d6 3. c3 Nf6 4. Be2 g6 5. O-O Bg7 6. d3 O-O 7. h3 Nc6 8. Be3 Rb8 9. a4 a6 10. Nbd2 b5 11. axb5 axb5 12. d4 cxd4 13. cxd4 d5 14. e5 Ne4 15. Rc1 Na5 16. b3 Nxd2 17. Bxd2 b4 18. Bg5 f6 19. Bf4 fxe5 20. Bxe5 Bxe5 21. Nxe5 Bd7 22. Bg4 Bxg4 23. hxg4 Qd6 24. Re1 Rfc8 25. Qd3 Nc6 26. Qe3 Nxe5 27. dxe5 Qe6 28. Qd4 Rxc1 29. Rxc1 Kg7 30. Rd1 Rc8 31. Qxd5 Qxd5 32. Rxd5 Rc3 33. Rd7 Kf7 34. Rb7 Rxb3 35. f4 Rb2 36. f5 gxf5 37. gxf5 Re2 38. e6+ Kf6 39. Rxb4 Kxf5 40. Rh4 Kg6 41. Rg4+ Kf6 42. Rh4 Kg7 43. Rg4+ Kh8 44. Rf4 Rxe6 45. Rf7 Kg8 46. Rf4 Kg7 47. g3 h5 48. Kg2 Kg6 49. Ra4 Re2+ 50. Kh3 Rb2 51. Ra5 Rb8 52. Ra6+ Kg5 53. Ra5+ Kg6 54. Ra6+ Kg7 55. Ra5 Rh8 56. Kh4 Kf6 0-1


[Site "https://www.chess.com"]

[Event "Titled Tuesday Blitz November 15 Early 2022"]
[White "Seo, Jung Min"]
[Black "Fiedorek, Michal"]
[WhiteFideId "1734687"]
[BlackFideId "1199528"]
[WhiteElo "2455"]
[BlackElo "2201"]
[Result "1-0"]
[Round "02"]
[TimeControl "180+1"]
[Date "2022.11.16"]
[WhiteClock "0:01:50"]
[BlackClock "0:00:09"]

1. e4 c6 2. d4 d5 3. e5 Bf5 4. Nf3 e6 5. Be2 Ne7 6. O-O Nd7 7. Nh4 Bg6 8. Nd2 c5 9. c3 Nc6 10. Nxg6 hxg6 11. Nf3 Be7 12. Be3 Rc8 13. g3 O-O 14. h4 cxd4 15. cxd4 Nb4 16. Bf4 Nb6 17. a3 Nc6 18. b4 Nc4 19. Qd3 b5 20. Nh2 a5 21. bxa5 Qxa5 22. h5 gxh5 23. Bxh5 Nxa3 24. Nf3 b4 25. Ng5 Bxg5 26. Bxg5 Qb5 27. Qd2 Nc4 28. Qf4 Qb6 29. Rad1 Nb2 30. Bf6 gxf6 31. exf6 Rfd8 32. Qg5+ 1-0


[Site "https://www.chess.com"]

[Event "Titled Tuesday Blitz November 15 Early 2022"]
[White "Sharifov, Mekhriddin"]
[Black "Makridis, Dimitrios"]
[WhiteFideId "14701545"]
[BlackFideId "25864475"]
[WhiteElo "2109"]
[BlackElo "2272"]
[Result "0-1"]
[Round "02"]
[TimeControl "180+1"]
[Date "2022.11.16"]
[WhiteClock "0:00:35"]
[BlackClock "0:00:10"]

1. e4 c5 2. Nf3 Nf6 3. e5 Nd5 4. Nc3 e6 5. Nxd5 exd5 6. d4 Nc6 7. Bf4 Qb6 8. Be2 cxd4 9. O-O Qxb2 10. Rb1 Qxa2 11. Nxd4 Nxd4 12. Qxd4 Qxc2 13. Bf3 Qc5 14. Qd2 Be7 15. Rfc1 Qa3 16. Rc3 Qa6 17. Rbc1 O-O 18. Qc2 b6 19. Bxd5 Bb7 20. Bxb7 Qxb7 21. Rc7 Qd5 22. Rd1 Qe6 23. Rdxd7 Bc5 24. Rxa7 Rad8 25. Qd3 Rxd7 26. Rxd7 h6 27. h3 f6 28. Bxh6 Bxf2+ 29. Kh1 Rf7 30. Rd8+ Rf8 31. Qg6 Qf7 32. Rxf8+ Kxf8 33. Qxf6 Qxf6 34. exf6 gxh6 35. g4 b5 36. Kg2 Bd4 37. Kf3 b4 38. Ke4 b3 39. Kd3 Bxf6 0-1


[Site "https://www.chess.com"]

[Event "Titled Tuesday Blitz November 15 Early 2022"]
[White "Shimanov, Aleksandr"]
[Black "Skliarov, Viktor"]
[WhiteFideId "4198603"]
[BlackFideId "14106736"]
[WhiteElo "2605"]
[BlackElo "2284"]
[Result "1-0"]
[Round "02"]
[TimeControl "180+1"]
[Date "2022.11.15"]
[WhiteClock "0:01:47"]
[BlackClock "0:00:12"]

1. c4 e5 2. g3 Nf6 3. Bg2 c6 4. d4 exd4 5. Qxd4 Na6 6. Nf3 Bc5 7. Qe5+ Be7 8. O-O O-O 9. Nc3 d6 10. Qf4 Nc5 11. Rd1 a5 12. b3 Qc7 13. Ba3 b6 14. Nd4 Bd7 15. Nf5 Bxf5 16. Qxf5 Rfd8 17. Rd2 g6 18. Qc2 Nfd7 19. Rad1 Nf8 20. Bb2 Nfe6 21. e3 Bf8 22. a3 Bg7 23. b4 axb4 24. axb4 Na6 25. b5 Nb4 26. Qb3 c5 27. Bxa8 Rxa8 28. Nd5 Nxd5 29. Rxd5 h5 30. Bxg7 Kxg7 31. Qc3+ Kg8 32. Qf6 1-0


[Site "https://www.chess.com"]

[Event "Titled Tuesday Blitz November 15 Early 2022"]
[White "Shohat, Yotam"]
[Black "Shuvalova, Polina"]
[WhiteFideId "2813955"]
[BlackFideId "24171760"]
[WhiteElo "2216"]
[BlackElo "2342"]
[Result "1-0"]
[Round "02"]
[TimeControl "180+1"]
[Date "2022.11.16"]
[WhiteClock "0:00:05"]
[BlackClock "0:00:11"]

1. b4 d5 2. Bb2 Nf6 3. Nf3 g6 4. g3 Bg7 5. Bg2 O-O 6. O-O a5 7. b5 c5 8. c4 Be6 9. cxd5 Nxd5 10. Bxg7 Kxg7 11. Ng5 Bc8 12. Nc3 e6 13. Nge4 b6 14. d4 c4 15. h4 Bb7 16. h5 gxh5 17. e3 Nxc3 18. Nxc3 Bxg2 19. Kxg2 h4 20. Qg4+ Kh8 21. Rh1 Rg8 22. Qe4 Nd7 23. Rxh4 Rg7 24. Rah1 Nf8 25. Qe5 f6 26. Qe4 Raa7 27. d5 exd5 28. Nxd5 Rad7 29. Nf4 c3 30. Qc4 Rc7 31. Qe4 c2 32. Rc1 Qe7 33. Qxe7 Rgxe7 34. Nd5 Red7 35. Nxc7 Rxc7 36. Rd4 Rc5 37. a4 Ne6 38. Rd2 Rc4 39. Rcxc2 Rxa4 40. Rc6 Nc5 41. Rc7 Ne6 42. Re7 Nf8 43. Rd8 Kg8 44. Ree8 Rb4 45. Rxf8+ Kg7 46. Rg8+ Kh6 47. Rd4 Rxb5 48. Rh4+ Rh5 49. Rxh5+ Kxh5 50. Rb8 1-0


[Site "https://www.chess.com"]

[Event "Titled Tuesday Blitz November 15 Early 2022"]
[White "Shuvalov, Evgenij"]
[Black "Li, Hui"]
[WhiteFideId "4187237"]
[BlackFideId "15400310"]
[WhiteElo "2049"]
[BlackElo "1954"]
[Result "1/2-1/2"]
[Round "02"]
[TimeControl "180+1"]
[Date "2022.11.16"]
[WhiteClock "0:00:11"]
[BlackClock "0:00:03"]

1. d4 Nf6 2. c4 e6 3. Nf3 d5 4. cxd5 exd5 5. Nc3 c6 6. Bg5 Be7 7. Qc2 Nbd7 8. e3 O-O 9. Bd3 Re8 10. O-O Nf8 11. h3 g6 12. Ne5 Ne6 13. Bh6 Ng7 14. g4 Nd7 15. f4 Nxe5 16. dxe5 Bc5 17. Rae1 Bf8 18. Bg5 Be7 19. Bxe7 Qxe7 20. e4 d4 21. Ne2 c5 22. Bc4 Be6 23. Nc1 Bxc4 24. Qxc4 b6 25. Nd3 Qh4 26. Rf3 Ne6 27. Re2 Rad8 28. b4 Qe7 29. b5 Nc7 30. f5 Qd7 31. a4 a6 32. e6 fxe6 33. fxg6 hxg6 34. Ne5 axb5 35. Qc1 Qg7 36. Qg5 Rf8 37. Rxf8+ Rxf8 38. axb5 Nxb5 39. Rb2 Nc3 40. Rxb6 Nxe4 41. Qxg6 Qxg6 42. Nxg6 Rd8 43. Rxe6 Ng5 44. Re5 Nxh3+ 45. Kg2 d3 46. Re1 Ng5 47. Ne7+ Kf7 48. Nf5 c4 49. Ne3 c3 50. Nc4 d2 51. Nxd2 Rxd2+ 52. Kg3 c2 53. Rc1 Ne4+ 54. Kf4 Nf2 55. Ke3 Rd1 56. Rxc2 Nxg4+ 57. Kf4 Nf6 58. Rc7+ Rd7 59. Rxd7+ Nxd7 1/2-1/2


[Site "https://www.chess.com"]

[Event "Titled Tuesday Blitz November 15 Early 2022"]
[White "Sipila, Vilka"]
[Black "Le, Tuan Minh"]
[WhiteFideId "505455"]
[BlackFideId "12401153"]
[WhiteElo "2347"]
[BlackElo "2530"]
[Result "0-1"]
[Round "02"]
[TimeControl "180+1"]
[Date "2022.11.15"]
[WhiteClock "0:00:20"]
[BlackClock "0:01:11"]

1. d4 d5 2. Nf3 Nf6 3. Bf4 c5 4. e3 Qb6 5. Nbd2 e6 6. c4 Nc6 7. dxc5 Bxc5 8. Rb1 O-O 9. a3 a5 10. Nb3 Be7 11. Rc1 dxc4 12. Bxc4 a4 13. Nbd4 Qxb2 14. Nb5 Rd8 15. Nd2 Bxa3 16. Rc2 Qb4 17. Qa1 Rxd2 18. Qxa3 Rxc2+ 0-1


[Site "https://www.chess.com"]

[Event "Titled Tuesday Blitz November 15 Early 2022"]
[White "Sourath Biswas"]
[Black "Kaminski, Victor"]
[WhiteFideId "35091484"]
[BlackFideId "1131630"]
[WhiteElo "2164"]
[BlackElo "2181"]
[Result "1-0"]
[Round "02"]
[TimeControl "180+1"]
[Date "2022.11.16"]
[WhiteClock "0:00:03"]
[BlackClock "0:00:01"]

1. d4 Nf6 2. Bf4 g6 3. Nc3 Bg7 4. e4 d6 5. Qd2 Nc6 6. O-O-O Nh5 7. Be3 e5 8. d5 Ne7 9. g3 O-O 10. Be2 Nf6 11. Bh6 Ne8 12. h4 f5 13. h5 Nf6 14. hxg6 hxg6 15. Bxg7 Kxg7 16. Qh6+ Kf7 17. Nh3 Rg8 18. Ng5+ Ke8 19. Bb5+ c6 20. dxc6 bxc6 21. Bc4 d5 22. exd5 cxd5 23. Nxd5 Nexd5 24. Rhe1 e4 25. Bxd5 Nxd5 26. Qh7 Qxg5+ 27. f4 Nf6 28. Qc7 Nd5 29. Rxd5 Qe7 30. Re5 Be6 31. Qc3 Kf7 32. Rc5 Rac8 33. Rxc8 Rxc8 34. Qa5 Qc5 35. Qa4 Rc7 36. c3 Qc6 37. Qd4 Qd5 38. Qh8 Qxa2 39. Qh7+ Ke8 40. Qxc7 Bf7 41. Rd1 Qa1+ 42. Kd2 1-0


[Site "https://www.chess.com"]

[Event "Titled Tuesday Blitz November 15 Early 2022"]
[White "Sreyas Payyappat"]
[Black "Winkels, Marcel"]
[WhiteFideId "46674969"]
[BlackFideId "1003887"]
[WhiteElo "2083"]
[BlackElo "1900"]
[Result "1-0"]
[Round "02"]
[TimeControl "180+1"]
[Date "2022.11.16"]
[WhiteClock "0:01:56"]
[BlackClock "0:00:50"]

1. e4 c5 2. Nf3 Nf6 3. Nc3 d5 4. e5 Ne4 5. d4 e6 6. Bd3 Nxc3 7. bxc3 Nc6 8. O-O Be7 9. Bf4 c4 10. Be2 O-O 11. Qd2 f6 12. exf6 Bxf6 13. Ne5 Bxe5 14. Bxe5 Nxe5 15. dxe5 Bd7 16. f4 Qh4 17. f5 Qe4 18. fxe6 Bxe6 19. Bf3 Qxe5 20. Rae1 Qf6 21. Rxe6 Qxe6 22. Bxd5 Rxf1+ 23. Kxf1 Rf8+ 24. Kg1 Re8 25. Qe3 Kf7 26. Bxe6+ Rxe6 27. Qxa7 Re2 28. Qxb7+ Kg6 29. Qc6+ Kf7 30. Qxc4+ 1-0


[Site "https://www.chess.com"]

[Event "Titled Tuesday Blitz November 15 Early 2022"]
[White "Stankovic, Ivan G"]
[Black "Cheparinov, Ivan"]
[WhiteFideId "902837"]
[BlackFideId "2905540"]
[WhiteElo "2226"]
[BlackElo "2622"]
[Result "1-0"]
[Round "02"]
[TimeControl "180+1"]
[Date "2022.11.16"]
[WhiteClock "0:02:53"]
[BlackClock "0:01:48"]

1. e4 c5 2. c4 Nc6 3. Nc3 g6 4. g3 Bg7 5. Bg2 e6 6. Nge2 Nge7 7. d3 d6 8. Be3 Nd4 9. Rb1 Nec6 10. a3 a5 11. O-O O-O 12. Nb5 Nxb5 13. cxb5 Nd4 14. Nxd4 cxd4 15. Bd2 a4 16. b3 axb3 17. Qxb3 e5 18. a4 Be6 19. Qa3 Qd7 20. a5 f5 21. exf5 g5 22. fxe6 1-0


[Site "https://www.chess.com"]

[Event "Titled Tuesday Blitz November 15 Early 2022"]
[White "Stijve, Theo"]
[Black "Pinheiro, Iung Alicio de O."]
[WhiteFideId "1331132"]
[BlackFideId "2104350"]
[WhiteElo "2256"]
[BlackElo "2283"]
[Result "1-0"]
[Round "02"]
[TimeControl "180+1"]
[Date "2022.11.16"]
[WhiteClock "0:00:36"]
[BlackClock "0:00:02"]

1. Nf3 c5 2. e4 Nc6 3. d4 cxd4 4. Nxd4 e5 5. Nb5 d6 6. c4 Be7 7. Bd3 Nf6 8. O-O O-O 9. h3 Nd7 10. Be3 a6 11. N5c3 Bg5 12. Nd5 Bxe3 13. fxe3 Nc5 14. Nbc3 a5 15. Bc2 Be6 16. a3 g6 17. b4 Nd7 18. Qf3 Ne7 19. Ba4 Bxd5 20. exd5 axb4 21. axb4 f5 22. e4 Nf6 23. Bb3 Qb6+ 24. c5 Qxb4 25. cxd6 fxe4 26. Nxe4 Rxa1 27. Nxf6+ Rxf6 28. Qxf6 Rxf1+ 29. Qxf1 Nf5 30. d7 Qd6 31. Qb5 Kf7 32. Qxb7 Ke7 33. d8=Q+ Kxd8 34. Qxh7 Qb6+ 35. Kh2 Qxb3 36. Qg8+ Kd7 37. Qxg6 Nd6 38. Qe6+ Kc7 39. Qe7+ Kc8 40. Qxd6 Qe3 41. Qe6+ Kd8 42. Qf6+ Kd7 43. d6 Qd4 44. Qe7+ Kc6 45. Qc7+ Kb5 46. Qd7+ Kc5 47. Qe7 1-0


[Site "https://www.chess.com"]

[Event "Titled Tuesday Blitz November 15 Early 2022"]
[White "Storey, Charles H"]
[Black "Antonova, Nadezhda"]
[WhiteFideId "406686"]
[BlackFideId "14700182"]
[WhiteElo "2252"]
[BlackElo "1813"]
[Result "1-0"]
[Round "02"]
[TimeControl "180+1"]
[Date "2022.11.16"]
[WhiteClock "0:00:05"]
[BlackClock "0:00:02"]

1. c4 Nf6 2. g3 g6 3. Bg2 Bg7 4. Nc3 O-O 5. d4 d6 6. Nf3 Nc6 7. O-O a6 8. d5 Na5 9. Nd2 c5 10. Qc2 Rb8 11. a4 e5 12. e4 Nh5 13. Qd1 Nf6 14. h3 Ne8 15. f4 exf4 16. gxf4 Bd4+ 17. Kh1 Ng7 18. Ra3 Nh5 19. Ne2 Bg7 20. Qe1 Bd7 21. f5 Be5 22. Raf3 Bxa4 23. Ra3 Bd7 24. Nf3 b6 25. Nxe5 dxe5 26. Rc3 b5 27. Bh6 Nxc4 28. Bxf8 Qxf8 29. fxg6 hxg6 30. Ng3 Nf4 31. Ne2 Nxg2 32. Kxg2 Nxb2 33. Qh4 c4 34. Rcf3 Be8 35. Ng3 Nd3 36. Nf5 Nf4+ 37. Rxf4 exf4 38. Qxf4 Rc8 39. Nh6+ Kh7 40. Ng4 c3 41. Nf6+ Kg7 42. Qe5 Kh6 43. Ng4+ Kh7 44. Nf6+ Kh6 45. Rf4 g5 46. Rh4+ gxh4 47. Qh5+ Kg7 48. Qg5+ Kh8 49. Qe5 Qg7+ 50. Kh1 c2 51. Qh5+ 1-0


[Site "https://www.chess.com"]

[Event "Titled Tuesday Blitz November 15 Early 2022"]
[White "Stribuk, Artiom"]
[Black "Martin Duque, Jesus"]
[WhiteFideId "13515659"]
[BlackFideId "2208954"]
[WhiteElo "2371"]
[BlackElo "2297"]
[Result "1-0"]
[Round "02"]
[TimeControl "180+1"]
[Date "2022.11.16"]
[WhiteClock "0:00:07"]
[BlackClock "0:01:05"]

1. d4 Nf6 2. c4 b6 3. f3 Ba6 4. e4 e6 5. Nc3 Bb4 6. Bd2 c5 7. d5 O-O 8. a3 Ba5 9. Nh3 Qe7 10. Be2 exd5 11. cxd5 Bxe2 12. Qxe2 d6 13. O-O Nbd7 14. Rab1 Bxc3 15. Bxc3 a6 16. Qd2 b5 17. Nf4 Nb6 18. b3 Nfd7 19. Rbe1 Ne5 20. Ne2 c4 21. Qd4 Qa7 22. f4 f6 23. fxe5 fxe5 24. Qe3 cxb3 25. Kh1 Rxf1+ 26. Rxf1 Na4 27. Qxa7 Rxa7 28. Bb4 Rf7 29. Rxf7 Kxf7 30. Nc3 b2 31. Nb1 Nc5 32. Bc3 Na4 33. Kg1 Nxc3 34. Nxc3 a5 35. Kf2 a4 36. Nb1 Kg6 37. g3 Kg5 38. Kf3 g6 39. h3 h5 40. h4+ Kf6 41. Ke3 g5 42. Kd3 gxh4 43. gxh4 b4 44. axb4 a3 45. Nxa3 b1=Q+ 46. Nxb1 1-0


[Site "https://www.chess.com"]

[Event "Titled Tuesday Blitz November 15 Early 2022"]
[White "Svane, Frederik"]
[Black "Migot, Tangi"]
[WhiteFideId "12923044"]
[BlackFideId "662445"]
[WhiteElo "2466"]
[BlackElo "2581"]
[Result "1-0"]
[Round "02"]
[TimeControl "180+1"]
[Date "2022.11.16"]
[WhiteClock "0:00:33"]
[BlackClock "0:00:18"]

1. e4 e5 2. Nf3 Nc6 3. Bb5 a6 4. Ba4 Nf6 5. O-O Be7 6. d3 b5 7. Bb3 d6 8. a3 O-O 9. Nc3 Na5 10. Ba2 c5 11. b4 Nc6 12. Nd5 Be6 13. Nxf6+ Bxf6 14. Bxe6 fxe6 15. bxc5 dxc5 16. Be3 Nd4 17. Bxd4 cxd4 18. a4 Qd6 19. Qb1 Qc5 20. Qb3 Kh8 21. Rfb1 Rfb8 22. axb5 axb5 23. Rxa8 Rxa8 24. g3 Rc8 25. Rb2 h6 26. Qxe6 Qc3 27. Kg2 Rf8 28. Ra2 b4 29. Qd6 Re8 30. Qd7 Rf8 31. Qb7 Qc5 32. Rb2 Rc8 33. h4 Qc3 34. Ra2 b3 35. Qxb3 Qxb3 36. cxb3 Rc3 37. g4 Rxd3 38. g5 hxg5 39. hxg5 Be7 40. g6 Rxb3 41. Ra8+ 1-0


[Site "https://www.chess.com"]

[Event "Titled Tuesday Blitz November 15 Early 2022"]
[White "Tan, Jun Ying"]
[Black "Gokerkan, Cem Kaan"]
[WhiteFideId "5710413"]
[BlackFideId "6336760"]
[WhiteElo "2089"]
[BlackElo "2365"]
[Result "0-1"]
[Round "02"]
[TimeControl "180+1"]
[Date "2022.11.16"]
[WhiteClock "0:00:38"]
[BlackClock "0:00:16"]

1. d4 Nf6 2. c4 g6 3. Nc3 Bg7 4. e4 O-O 5. Nf3 d6 6. Be2 e5 7. O-O Nc6 8. d5 Ne7 9. b4 c6 10. dxc6 bxc6 11. Bg5 h6 12. Be3 d5 13. cxd5 cxd5 14. Nxd5 Nfxd5 15. exd5 Nxd5 16. Bc5 Nc3 17. Qc2 Nxe2+ 18. Qxe2 Re8 19. Rad1 Qf6 20. Rd6 Qf4 21. Qe3 Qxe3 22. fxe3 Be6 23. a4 a5 24. b5 Rec8 25. Bb6 Rc4 26. Ra1 g5 27. Nd2 Rc2 28. Ne4 Bf8 29. Rc6 Rb2 30. Bc5 Rd8 31. Bxf8 Kxf8 32. Rd6 Rxd6 33. Nxd6 Ke7 34. Nb7 Bd5 35. Nxa5 Rxg2+ 36. Kf1 Rxh2 37. Ra3 g4 38. e4 Bxe4 39. b6 Rb2 40. Rb3 Rxb3 41. Nxb3 Kd6 42. a5 Bb7 43. Nd2 Kd5 44. Nb1 f5 45. Nc3+ Kc4 46. Na4 h5 47. Nb2+ Kd4 48. Na4 h4 49. Nb2 h3 50. a6 Bxa6+ 0-1


[Site "https://www.chess.com"]

[Event "Titled Tuesday Blitz November 15 Early 2022"]
[White "Tanenbaum, Zachary"]
[Black "Manon-og, Ramon Jr."]
[WhiteFideId "2060850"]
[BlackFideId "5200776"]
[WhiteElo "2175"]
[BlackElo "2314"]
[Result "1-0"]
[Round "02"]
[TimeControl "180+1"]
[Date "2022.11.16"]
[WhiteClock "0:01:26"]
[BlackClock "0:00:09"]

1. e4 c5 2. Nf3 d6 3. d4 cxd4 4. Nxd4 Nf6 5. Nc3 a6 6. Be3 e5 7. Nb3 Be7 8. h3 h5 9. Bd3 Be6 10. Qf3 Nbd7 11. Nd5 Bxd5 12. exd5 Nb6 13. O-O-O O-O 14. g4 h4 15. g5 Nfxd5 16. Bxb6 Nxb6 17. g6 Bg5+ 18. Kb1 fxg6 19. Qxb7 a5 20. Bxg6 a4 21. Nc5 Qf6 22. Qxb6 dxc5 23. Rd6 Qxf2 24. a3 Rab8 25. Qa6 Bf6 26. Qc4+ Kh8 27. Be4 Qf4 28. Rf1 Qg3 29. Qe2 Qg5 30. Rf5 Rxb2+ 31. Kxb2 Rb8+ 32. Ka2 Qc1 33. Qh5+ Kg8 34. Bd5+ Kf8 35. Qf7# 1-0


[Site "https://www.chess.com"]